Map: Tours du crépuscule

Players

Orongar

  • Race: Terran Terran
  • League: Silver
  • Spawn Location: 1:00

zidar - Winner!

  • Race: Zerg Zerg
  • League: Silver
  • Spawn Location: 7:00

VOD

Have the link to the VOD?

Description

Time

  • Played on: Feb. 2, 2016, 2:23 p.m.
  • Length: 18:04
Show
View Real Time Build Order
Export as new Build Order

Orongar Terran 

Build Orders:  

Get SALT Encoding   

  12  0:01  SCV  
  13  0:13  SCV  
  14  0:18  Supply Depot  
  14  0:25  SCV  
  15  0:39  SCV  
  15  0:40  Refinery  
  16  0:45  Barracks  
  16  0:53  Barracks  
  16  0:54  SCV  
  17  1:06  SCV  
  18  1:23  SCV, Supply Depot  
  19  1:42  SCV  
  19  1:47  Marine  
  21  1:54  SCV  
  21  2:00  Factory, Command Center  
  22  2:11  Refinery  
  22  2:13  SCV  
  23  2:23  Barracks Reactor  
  23  2:25  SCV, Supply Depot  
  24  2:42  SCV  
  27  2:53  Widow Mine  
  27  2:54  SCV  
  28  2:58  Starport  
  28  3:00  Marine x2  
  30  3:05  Supply Depot  
  30  3:18  Marine x2, SCV  
  35  3:22  Widow Mine  
  35  3:33  Engineering Bay  
  35  3:35  Medivac  
  35  3:39  Marine x2  
  39  3:45  Starport  
  39  3:53  Orbital Command  
  39  4:12  Marine  
  39  4:13  Marine  
  39  4:14  Factory Tech Lab  
  41  4:34  Starport Reactor  
  41  4:36  Marine x2  
  43  4:39  Starport Tech Lab  
  43  4:42  Barracks  
  43  4:46  SCV  
  43  4:48  SCV  
  45  4:58  SCV  
  46  5:00  SCV  
  47  5:10  SCV  
  47  5:12  SCV  
  45  5:22  SCV  
  45  5:23  Siege Tank  
  45  5:25  Liberator x2  
  49  5:34  SCV  
  50  5:40  Barracks Tech Lab  
  56  5:51  Refinery  
  56  5:55  Siege Tank  
  55  6:16  Marine x3  
  48  6:34  Marine x2  
  50  6:47  Combat Shield  
  50  6:51  Siege Tank  
  53  6:56  Marine x3  
  53  6:59  SCV  
  57  7:11  SCV  
  57  7:13  Marine  
  57  7:14  Marine x2  
  61  7:21  Missile Turret  
  61  7:24  Supply Depot  
  61  7:29  Liberator x2  
  61  7:31  Marine  
  62  7:41  Missile Turret  
  62  7:44  Terran Infantry Weapons Level 1  
  62  7:46  Marine, SCV  
  62  7:47  Supply Depot  
  70  8:08  Marine x3, Command Center  
  70  8:10  Supply Depot  
  73  8:26  Marine x3  
  76  8:28  SCV  
  76  8:32  SCV  
  76  8:33  Fusion Core, Supply Depot  
  78  8:40  SCV  
  79  8:44  Marine x3, SCV, Siege Tank  
  86  8:54  SCV  
  86  8:55  Supply Depot  
  87  8:56  SCV  
  87  9:02  Marine x3  
  91  9:07  SCV  
  91  9:08  SCV  
  93  9:17  Siege Tank, Medivac x3  
  98  9:18  Supply Depot  
  98  9:19  Marine x3  
  98  9:20  SCV x2  
  107  9:37  Marine x2  
  107  9:38  Terran Infantry Armor Level 1  
  109  9:41  Supply Depot  
  106  10:28  Marine x2  
  106  10:29  Marine  
  106  10:32  Planetary Fortress  
  109  10:38  Liberator x3  
  106  10:46  Marine x3  
  106  10:47  Refinery  
  109  10:50  Armory  
  109  10:52  Advanced Ballistics  
  118  11:00  Siege Tank  
  121  11:04  Marine x3  
  121  11:06  Refinery  
  121  11:10  Orbital Command  
  124  11:13  Refinery  
  124  11:22  Marine x3  
  127  11:32  Engineering Bay  
  127  11:36  SCV  
  127  11:39  Marine  
  128  11:40  Marine x2  
  128  11:45  SCV  
  132  11:48  SCV  
  133  12:00  Ghost Academy  
  133  12:02  Terran Infantry Weapons Level 2  
  133  12:03  Terran Infantry Armor Level 2  
  133  12:09  Supply Depot  
  133  12:26  Armory  
  133  12:30  Marine x3  
  133  12:31  SCV x3  
  133  12:32  Supply Depot  
  139  12:43  SCV x2  
  141  12:54  Marine x3, SCV  
  141  12:55  SCV x2, Supply Depot  
  147  12:59  Liberator x2  
  147  13:06  SCV  
  147  13:07  SCV  
  149  13:16  Marine x2  
  149  13:18  Supply Depot  
  157  13:22  Supply Depot  
  157  13:26  Liberator  
  157  13:39  Marine x3  
  157  13:40  SCV x2, Siege Tank  
  165  13:43  Supply Depot  
  165  13:46  Stimpack  
  168  13:57  Marine x3  
  171  14:08  Supply Depot  
  171  14:15  Marine x2  
  168  14:28  Ghost  
  168  14:31  Personal Cloaking, Supply Depot  
  169  14:35  Barracks  
  169  14:47  Marine x2  
  171  14:54  Terran Ship Weapons Level 1  
  171  14:55  Terran Infantry Weapons Level 3, Supply Depot  
  171  14:56  Ghost  
  173  15:05  Marine x2  
  166  15:18  Supply Depot  
  118  15:23  Marine x2  
  118  15:25  Ghost  
  107  15:39  Terran Vehicle Weapons Level 1  
  107  15:41  Marine x2  
  103  15:53  Ghost  
  102  16:14  Marine x2  
  104  16:20  Barracks Tech Lab  
  104  16:22  Command Center  
  104  16:32  Marine x2  
  106  16:43  Siege Tank  
  109  16:50  Marine x2  
  111  17:08  Marine x2  
  112  17:15  Siege Tank  
  116  17:26  Marine x2  
Show
View Real Time Build Order
Export as new Build Order

zidar Zerg - Winner!

Build Orders: Hatch First 

Get SALT Encoding   

  12  0:02  Drone  
  13  0:12  Overlord  
  13  0:18  Drone  
  14  0:30  Drone x2  
  14  0:35  Drone  
  17  0:56  Hatchery  
  16  0:57  Drone  
  16  1:01  Extractor  
  16  1:03  Drone  
  17  1:18  Spawning Pool  
  17  1:21  Drone  
  17  1:28  Drone  
  18  1:38  Drone  
  19  1:40  Overlord  
  19  1:53  Drone  
  20  2:01  Overlord  
  20  2:14  Queen  
  21  2:16  Queen  
  21  2:21  Drone  
  24  2:36  Roach Warren  
  23  2:38  Drone  
  23  2:41  Drone  
  23  2:43  Drone  
  26  2:49  Extractor  
  26  2:50  Drone  
  26  3:04  Metabolic Boost  
  26  3:08  Drone x2  
  26  3:09  Drone x2  
  30  3:16  Roach x2  
  34  3:20  Roach  
  38  3:34  Roach x2  
  38  3:36  Drone  
  38  3:37  Drone x2  
  38  3:39  Drone  
  44  3:43  Overlord  
  44  3:56  Lair  
  44  3:57  Pneumatized Carapace  
  44  4:07  Ravager  
  45  4:13  Ravager  
  46  4:28  Ravager  
  47  4:31  Hatchery  
  46  4:47  Ravager  
  46  4:50  Queen  
  49  5:08  Evolution Chamber  
  49  5:13  Evolution Chamber  
  40  5:29  Overseer  
  36  5:43  Drone x6  
  36  6:38  Roach x8  
  36  6:39  Roach x3  
  58  6:51  Zerg Missile Weapons Level 1, Zerg Ground Armor Level 1  
  58  6:59  Infestation Pit  
  57  7:04  Drone  
  58  7:10  Overlord x3  
  58  7:11  Overlord  
  58  7:28  Drone x7  
  65  7:34  Extractor x2  
  63  7:38  Drone x6  
  69  7:51  Hive  
  69  7:53  Drone x8  
  77  8:00  Ravager x3  
  80  8:27  Queen  
  82  8:35  Glial Reconstitution  
  82  8:48  Zerg Melee Weapons Level 1  
  82  8:49  Zerg Ground Armor Level 2  
  82  8:56  Drone x5  
  82  8:57  Extractor x2, Drone x2  
  82  9:00  Overlord x3  
  82  9:01  Overlord x2  
  87  9:20  Hatchery  
  77  10:22  Spore Crawler  
  77  10:23  Drone x8  
  81  10:39  Queen  
  83  10:45  Zergling x22  
  83  10:46  Zergling x10  
  83  10:49  Adrenal Glands  
  99  10:59  Ultralisk Cavern  
  98  11:09  Zergling x18  
  98  11:10  Zergling x4  
  109  11:22  Pathogen Glands  
  109  11:51  Chitinous Plating  
  109  11:53  Zerg Ground Armor Level 3  
  109  11:54  Zerg Melee Weapons Level 2  
  109  12:01  Drone x4  
  109  12:04  Drone x5  
  118  12:44  Overlord x4  
  118  12:45  Overlord x3  
  118  12:55  Infestor  
  120  13:22  Ultralisk  
  120  13:23  Ultralisk x4  
  120  13:24  Ultralisk x2  
  162  14:30  Ultralisk  
  165  14:42  Overlord  
  165  14:43  Overlord x4  
  165  14:44  Overlord  
  165  15:03  Hatchery  
  93  15:40  Roach x7  
  93  15:41  Roach x12  
  93  15:42  Ultralisk x3  
  146  15:43  Ultralisk x2  
  133  16:05  Ravager x8  
  133  16:10  Ultralisk x2  
  151  16:43  Ultralisk x2  
  151  16:44  Ultralisk  
  151  16:45  Zergling x2  
  170  16:52  Extractor  
  169  16:56  Extractor  
Tags
 
Add a new tag
Caveats
  • Supply blocks, unpowered buildings, or Contaminate may cause inaccurate times.
  • Supply counts are checked every 10 seconds.